TOP OF THE 1ST |
Jupiter Hammerheads batting - Pitching for Lancaster JetHawks : LHP Dzintars Balodis
|
Pitching: LHP Dzintars Balodis
|
|
Batting: RHB Tom Thompson
|
0-0: Called Strike 0-1: Ball 1-1: Foul Ball, location: 2F 1-2: Ball 2-2: Foul Ball, location: 2F 2-2: Foul Ball, location: 2F 2-2: Foul Ball, location: 2F 2-2: Foul Ball, location: 2F 2-2: Foul Ball, location: 2F 2-2: Ball 3-2: DOUBLE (Flyball, 89XD, EV 115.6 MPH)
|
Batting: RHB Len Graham
|
0-0: Foul Ball, location: 2F 0-1: Foul Ball, location: 2F 0-2: SINGLE (Flyball, 78S, EV 94.4 MPH) Tom Thompson to third
|
Batting: LHB Adam Durgin
|
0-0: Called Strike 0-1: Ball Len Graham steals 2nd base 1-1: Foul Ball, location: 2F 1-2: Ball 2-2: Strikes out swinging
|
Batting: RHB Isaiah Brockman
|
0-0: Ball 1-0: Ball 2-0: Called Strike 2-1: Ball 3-1: DOUBLE (Line Drive, 89D, EV 103.8 MPH) Tom Thompson scores Len Graham scores
|
Batting: RHB Masumitsu Sugiura
|
0-0: Ground out 5-3 (Groundball, 56, EV 81.2 MPH)
|
Batting: RHB Jim Fisher
|
0-0: Ball 1-0: Called Strike 1-1: Ball 2-1: Foul Ball, location: 2F 2-2: Ball 3-2: Foul Ball, location: 2F 3-2: Foul Ball, location: 2F 3-2: Ground out 5-3 (Groundball, 56, EV 107.5 MPH)
|
Top of the 1st over - 2 runs, 3 hits, 0 errors, 1 left on base; Jupiter 2 - Lancaster 0 |
BOTTOM OF THE 1ST |
Lancaster JetHawks batting - Pitching for Jupiter Hammerheads : LHP Nick Gore
|
Pitching: LHP Nick Gore
|
|
Batting: RHB Masaru Konno
|
0-0: Ball 1-0: Foul Ball, location: 2F 1-1: Ball 2-1: Called Strike 2-2: Strikes out looking
|
Batting: RHB Sam Spohn
|
0-0: Called Strike 0-1: Ball 1-1: Called Strike 1-2: Foul Ball, location: 2F 1-2: Foul Ball, location: 2F 1-2: Fly out, F9 (Flyball, 89M, EV 80.0 MPH)
|
Batting: LHB Bob Dietz
|
0-0: Ball 1-0: Ball 2-0: Ball 3-0: Called Strike 3-1: Base on Balls
|
Batting: RHB Jordan Williams
|
0-0: Foul Ball, location: 2F 0-1: Swinging Strike 0-2: Strikes out looking
|
Bottom of the 1st over - 0 runs, 0 hits, 0 errors, 1 left on base; Jupiter 2 - Lancaster 0 |
TOP OF THE 2ND |
Jupiter Hammerheads batting - Pitching for Lancaster JetHawks : LHP Dzintars Balodis
|
Batting: RHB J.D. Vander Klok
|
0-0: Ball 1-0: DOUBLE (Line Drive, 89M, EV 104.4 MPH)
|
Batting: LHB Ryan Thompson
|
0-0: Called Strike 0-1: DOUBLE (Flyball, 78D, EV 88.1 MPH) J.D. Vander Klok scores
|
Batting: RHB Andy Kelly
|
0-0: Foul Ball, location: 2F 0-1: Ball 1-1: Swinging Strike 1-2: Foul Ball, location: 2F 1-2: Foul Ball, location: 2F 1-2: Ball 2-2: Ball 3-2: Foul Ball, location: 2F 3-2: Strikes out swinging
|
Batting: RHB Tom Thompson
|
0-0: Ball 1-0: Ball 2-0: Ball 3-0: Called Strike 3-1: Foul Ball, location: 2F 3-2: Fly out, F8 (Flyball, 78M, EV 83.1 MPH)
|
Batting: RHB Len Graham
|
0-0: Swinging Strike 0-1: Fly out, F9 (Flyball, 9, EV 88.1 MPH)
|
Top of the 2nd over - 1 run, 2 hits, 0 errors, 1 left on base; Jupiter 3 - Lancaster 0 |
BOTTOM OF THE 2ND |
Lancaster JetHawks batting - Pitching for Jupiter Hammerheads : LHP Nick Gore
|
Batting: RHB Workneh Lagat
|
0-0: Fly out, F7 (Line Drive, 7S, EV 100.0 MPH)
|
Batting: RHB Sean Mounts
|
0-0: Foul Ball, location: 2F 0-1: Ball 1-1: Ball 2-1: Foul Ball, location: 2F 2-2: Fly out, F8 (Line Drive, 8RM, EV 96.9 MPH)
|
Batting: RHB Andrew Pride
|
0-0: Ground out 5-3 (Groundball, 56S, EV 80.0 MPH)
|
Bottom of the 2nd over - 0 runs, 0 hits, 0 errors, 0 left on base; Jupiter 3 - Lancaster 0 |
TOP OF THE 3RD |
Jupiter Hammerheads batting - Pitching for Lancaster JetHawks : LHP Dzintars Balodis
|
Batting: LHB Adam Durgin
|
0-0: Ball 1-0: Ball 2-0: Ball 3-0: Called Strike 3-1: Base on Balls
|
Batting: RHB Isaiah Brockman
|
0-0: Ball 1-0: Foul Ball, location: 2F 1-1: Ball Adam Durgin is caught stealing 2nd base 2-4 2-1: Ball 3-1: Base on Balls
|
Batting: RHB Masumitsu Sugiura
|
0-0: Ball 1-0: Grounds into double play, 4-6-3 (Groundball, 4, EV 102.5 MPH)
|
Top of the 3rd over - 0 runs, 0 hits, 0 errors, 0 left on base; Jupiter 3 - Lancaster 0 |
BOTTOM OF THE 3RD |
Lancaster JetHawks batting - Pitching for Jupiter Hammerheads : LHP Nick Gore
|
Batting: LHB Mark Dearth
|
0-0: Ball 1-0: Called Strike 1-1: Ground out 5-3 (Groundball, 56, EV 86.9 MPH)
|
Batting: LHB Jon Pope
|
0-0: Foul Ball, location: 2F 0-1: Ball 1-1: Called Strike 1-2: Ball 2-2: Foul Ball, location: 2F 2-2: Strikes out swinging
|
Batting: RHB Masaru Konno
|
0-0: Ball 1-0: Called Strike 1-1: Ball 2-1: Foul Ball, location: 2F 2-2: Foul Ball, location: 2F 2-2: Strikes out looking
|
Bottom of the 3rd over - 0 runs, 0 hits, 0 errors, 0 left on base; Jupiter 3 - Lancaster 0 |
TOP OF THE 4TH |
Jupiter Hammerheads batting - Pitching for Lancaster JetHawks : LHP Dzintars Balodis
|
Batting: RHB Jim Fisher
|
0-0: Ground out 4-3 (Groundball, 4, EV 111.9 MPH)
|
Batting: RHB J.D. Vander Klok
|
0-0: Foul Ball, location: 2F 0-1: Ball 1-1: Ground out 5-3 (Groundball, 5, EV 93.8 MPH)
|
Batting: LHB Ryan Thompson
|
0-0: Called Strike 0-1: Ball 1-1: Swinging Strike 1-2: Ball 2-2: Foul Ball, location: 2F 2-2: Strikes out swinging
|
Top of the 4th over - 0 runs, 0 hits, 0 errors, 0 left on base; Jupiter 3 - Lancaster 0 |
BOTTOM OF THE 4TH |
Lancaster JetHawks batting - Pitching for Jupiter Hammerheads : LHP Nick Gore
|
Batting: RHB Sam Spohn
|
0-0: Called Strike 0-1: Foul Ball, location: 2F 0-2: Strikes out swinging
|
Batting: LHB Bob Dietz
|
0-0: Foul Ball, location: 2F 0-1: Called Strike 0-2: Ball 1-2: Foul Ball, location: 2F 1-2: Ball 2-2: Ball 3-2: Ground out 5-3 (Groundball, 56S, EV 63.1 MPH)
|
Batting: RHB Jordan Williams
|
0-0: Ball 1-0: Swinging Strike 1-1: Called Strike 1-2: Foul Ball, location: 2F 1-2: Ball 2-2: Foul Ball, location: 2F 2-2: Strikes out swinging
|
Bottom of the 4th over - 0 runs, 0 hits, 0 errors, 0 left on base; Jupiter 3 - Lancaster 0 |
TOP OF THE 5TH |
Jupiter Hammerheads batting - Pitching for Lancaster JetHawks : LHP Dzintars Balodis
|
Batting: RHB Andy Kelly
|
0-0: Ball 1-0: Ball 2-0: Swinging Strike 2-1: Ball 3-1: DOUBLE (Groundball, 5L, EV 109.4 MPH)
|
Batting: RHB Tom Thompson
|
0-0: Called Strike 0-1: Ball 1-1: Ball 2-1: Swinging Strike 2-2: Strikes out swinging
|
Batting: RHB Len Graham
|
0-0: Called Strike 0-1: Ball 1-1: Ball 2-1: Foul Ball, location: 2F 2-2: Ball Wild Pitch! Andy Kelly to third 3-2: Foul Ball, location: 2F 3-2: Foul Ball, location: 2F 3-2: Base on Balls
|
Batting: LHB Adam Durgin
|
0-0: Called Strike 0-1: Hit by Pitch Len Graham to second
|
Batting: RHB Isaiah Brockman
|
0-0: Foul Ball, location: 2F 0-1: Ball 1-1: Ball 2-1: Swinging Strike 2-2: Fielders Choice at 2nd, 6-4 (Groundball, 56, EV 103.8 MPH) Andy Kelly scores Len Graham to third
|
Pitching: LHP Mike Holloway
|
|
Batting: RHB Masumitsu Sugiura
|
0-0: Foul Ball, location: 2F 0-1: Ball 1-1: Called Strike 1-2: Strikes out swinging
|
Top of the 5th over - 1 run, 1 hit, 0 errors, 2 left on base; Jupiter 4 - Lancaster 0 |
BOTTOM OF THE 5TH |
Lancaster JetHawks batting - Pitching for Jupiter Hammerheads : LHP Nick Gore
|
Batting: RHB Workneh Lagat
|
0-0: Ball 1-0: Ground out 3-1 (Groundball, 34, EV 103.8 MPH)
|
Batting: RHB Sean Mounts
|
0-0: SINGLE (Groundball, 4MD, EV 95.0 MPH)
|
Batting: RHB Andrew Pride
|
0-0: Called Strike 0-1: Ball 1-1: SINGLE (Groundball, 25, EV 69.4 MPH) (infield hit) Sean Mounts to second
|
Batting: LHB Mark Dearth
|
0-0: Swinging Strike 0-1: Ball 1-1: Ball 2-1: Swinging Strike 2-2: Strikes out swinging
|
Batting: LHB Jon Pope
|
0-0: Swinging Strike 0-1: Ball 1-1: Reached via error on a dropped throw from 2B, E3 (Groundball, 4, EV 100.6 MPH) Sean Mounts to third Andrew Pride to second
|
Batting: RHB Masaru Konno
|
0-0: Ball 1-0: Ball 2-0: Called Strike 2-1: Swinging Strike 2-2: Foul Ball, location: 2F 2-2: Ball 3-2: Strikes out swinging
|
Bottom of the 5th over - 0 runs, 2 hits, 1 error, 3 left on base; Jupiter 4 - Lancaster 0 |
TOP OF THE 6TH |
Jupiter Hammerheads batting - Pitching for Lancaster JetHawks : LHP Mike Holloway
|
Batting: RHB Jim Fisher
|
0-0: Ball 1-0: Foul Ball, location: 2F 1-1: Called Strike 1-2: SINGLE (Line Drive, 7S, EV 108.8 MPH)
|
Batting: RHB J.D. Vander Klok
|
0-0: Ball 1-0: Ball 2-0: Ball 3-0: Called Strike 3-1: SINGLE (Popup, 3D, EV 57.5 MPH) Jim Fisher to second
|
Batting: LHB Ryan Thompson
|
0-0: Ball 1-0: Ball 2-0: Foul Ball, location: 2F 2-1: Foul Ball, location: 2F 2-2: Foul Ball, location: 2F 2-2: Strikes out swinging
|
Batting: RHB Andy Kelly
|
0-0: Foul Ball, location: 2F 0-1: Swinging Strike 0-2: Strikes out swinging
|
Batting: RHB Tom Thompson
|
0-0: Ball 1-0: Fielders Choice at 2nd, 5-4 (Groundball, 56, EV 85.0 MPH)
|
Top of the 6th over - 0 runs, 2 hits, 0 errors, 2 left on base; Jupiter 4 - Lancaster 0 |
BOTTOM OF THE 6TH |
Lancaster JetHawks batting - Pitching for Jupiter Hammerheads : LHP Nick Gore
|
Batting: RHB Sam Spohn
|
0-0: Ball 1-0: Called Strike 1-1: Swinging Strike 1-2: Fly out, F9 (Flyball, 89D, EV 91.9 MPH)
|
Batting: LHB Bob Dietz
|
0-0: Called Strike 0-1: Ball 1-1: Ball 2-1: Ball 3-1: Foul Ball, location: 2F 3-2: Foul Ball, location: 2F 3-2: Base on Balls
|
Pitching: RHP Tim Sherrill
|
|
Batting: RHB Jordan Williams
|
0-0: Called Strike 0-1: Ball 1-1: Foul Ball, location: 2F 1-2: Fielders Choice at 2nd, 4-6 (Groundball, 4, EV 82.5 MPH)
|
Batting: RHB Workneh Lagat
|
0-0: Ball 1-0: Fly out, F8 (Flyball, 8RD, EV 98.8 MPH)
|
Bottom of the 6th over - 0 runs, 0 hits, 0 errors, 1 left on base; Jupiter 4 - Lancaster 0 |
TOP OF THE 7TH |
Jupiter Hammerheads batting - Pitching for Lancaster JetHawks : LHP Mike Holloway
|
Pitching: LHP T.J. Westover
|
|
Batting: RHB Len Graham
|
0-0: Ground out 5-3 (Groundball, 56, EV 108.1 MPH)
|
Batting: LHB Adam Durgin
|
0-0: Called Strike 0-1: Ball 1-1: Ball 2-1: Swinging Strike 2-2: Strikes out swinging
|
Batting: RHB Isaiah Brockman
|
0-0: DOUBLE (Line Drive, 78M, EV 106.9 MPH)
|
Batting: RHB Masumitsu Sugiura
|
0-0: Ball 1-0: Called Strike 1-1: Ball 2-1: SINGLE (Groundball, 6S, EV 68.8 MPH) (infield hit) Isaiah Brockman to third
|
Batting: RHB Jim Fisher
|
0-0: Called Strike 0-1: Called Strike 0-2: Strikes out looking
|
Top of the 7th over - 0 runs, 2 hits, 0 errors, 2 left on base; Jupiter 4 - Lancaster 0 |
BOTTOM OF THE 7TH |
Lancaster JetHawks batting - Pitching for Jupiter Hammerheads : RHP Tim Sherrill
|
Batting: RHB Sean Mounts
|
0-0: Called Strike 0-1: Ball 1-1: Ball 2-1: Foul Ball, location: 2F 2-2: Ball 3-2: Ground out 6-3 (Groundball, 6, EV 86.9 MPH)
|
Batting: RHB Andrew Pride
|
0-0: Ball 1-0: Called Strike 1-1: Called Strike 1-2: Ball 2-2: Ball 3-2: Strikes out looking
|
Batting: LHB Mark Dearth
|
0-0: Ball 1-0: Ball 2-0: Foul Ball, location: 2F 2-1: Foul Ball, location: 2F 2-2: Fly out, F7 (Line Drive, 7S, EV 90.6 MPH)
|
Bottom of the 7th over - 0 runs, 0 hits, 0 errors, 0 left on base; Jupiter 4 - Lancaster 0 |
TOP OF THE 8TH |
Jupiter Hammerheads batting - Pitching for Lancaster JetHawks : LHP T.J. Westover
|
Pitching: RHP Josh Willig
|
|
Batting: RHB J.D. Vander Klok
|
0-0: SINGLE (Line Drive, 8LS, EV 104.4 MPH)
|
Batting: LHB Ryan Thompson
|
0-0: Foul Ball, location: 2F 0-1: Ball 1-1: Ball 2-1: Swinging Strike 2-2: Ball 3-2: Base on Balls J.D. Vander Klok to second
|
Batting: RHB Andy Kelly
|
0-0: Swinging Strike 0-1: Swinging Strike 0-2: Strikes out looking
|
Batting: RHB Tom Thompson
|
0-0: Ball 1-0: Fielders Choice at 2nd, 6-4 (Groundball, 6, EV 96.2 MPH) J.D. Vander Klok to third
|
Batting: RHB Len Graham
|
0-0: Ball 1-0: Ball 2-0: Fly out, F9 (Line Drive, 9, EV 90.0 MPH)
|
Top of the 8th over - 0 runs, 1 hit, 0 errors, 2 left on base; Jupiter 4 - Lancaster 0 |
BOTTOM OF THE 8TH |
Lancaster JetHawks batting - Pitching for Jupiter Hammerheads : RHP Tim Sherrill
|
Pitching: LHP Will Devitt
|
|
Batting: LHB Jon Pope
|
0-0: Ball 1-0: Fly out, F9 (Flyball, 9LSF, EV 96.9 MPH)
|
Batting: RHB Masaru Konno
|
0-0: Foul Ball, location: 2F 0-1: Ball 1-1: Ball 2-1: Foul Ball, location: 2F 2-2: Ball 3-2: Strikes out swinging
|
Batting: RHB Sam Spohn
|
0-0: Swinging Strike 0-1: Foul Ball, location: 2F 0-2: Strikes out swinging
|
Bottom of the 8th over - 0 runs, 0 hits, 0 errors, 0 left on base; Jupiter 4 - Lancaster 0 |
TOP OF THE 9TH |
Jupiter Hammerheads batting - Pitching for Lancaster JetHawks : RHP Josh Willig
|
Batting: LHB Adam Durgin
|
0-0: Called Strike 0-1: Called Strike 0-2: Ground out 6-3 (Groundball, 6, EV 96.9 MPH)
|
Batting: RHB Isaiah Brockman
|
0-0: Ball 1-0: Ground out 6-3 (Groundball, 56, EV 103.1 MPH)
|
Batting: RHB Masumitsu Sugiura
|
0-0: Ball 1-0: Called Strike 1-1: Ground out 6-3 (Groundball, 6, EV 91.9 MPH)
|
Top of the 9th over - 0 runs, 0 hits, 0 errors, 0 left on base; Jupiter 4 - Lancaster 0 |
BOTTOM OF THE 9TH |
Lancaster JetHawks batting - Pitching for Jupiter Hammerheads : LHP Will Devitt
|
Batting: LHB Bob Dietz
|
0-0: Swinging Strike 0-1: Ball 1-1: Foul Ball, location: 2F 1-2: Ball 2-2: SINGLE (Groundball, 34S, EV 66.9 MPH) (infield hit)
|
Batting: RHB Jordan Williams
|
0-0: DOUBLE (Line Drive, 5D, EV 103.1 MPH) Bob Dietz to third
|
Pitching: RHP Tamirat Abboud
|
|
Batting: RHB Workneh Lagat
|
0-0: Ball 1-0: Called Strike 1-1: Ground out 5-3 (Groundball, 56, EV 75.6 MPH) Bob Dietz scores
|
Batting: RHB Sean Mounts
|
0-0: Ball 1-0: Ball 2-0: Fly out, F9 (Flyball, 9, EV 88.1 MPH)
|
Batting: RHB Andrew Pride
|
0-0: Ball 1-0: Called Strike 1-1: Foul Ball, location: 2F 1-2: Foul Ball, location: 2F 1-2: Ball 2-2: Strikes out swinging
|
Bottom of the 9th over - 1 run, 2 hits, 0 errors, 1 left on base; Jupiter 4 - Lancaster 1 |
|